 Dungeon Sprint DCSS version 0.22-a0-396-g3f858e37d3 (webtiles) character file.

27134 Hephaistos the Marksfrog (level 13, -18/125 HPs)
             Began as a Barachi Berserker on May 4, 2018.
             Was the Champion of Trog.
             Shot with a bolt by a naga sharpshooter (19 damage)
             ... in the Dungeon (Sprint IX: "|||||||||||||||||||||||||||||").
             The game lasted 00:07:42 (2695 turns).

Hephaistos the Marksfrog (Barachi Berserker)        Turns: 2695, Time: 00:07:44

Health: -18/125    AC: 21    Str: 20    XL:     13   Next: 30%
Magic:  0/13       EV: 12    Int:  8    God:    Trog [******]
Gold:   1696       SH:  0    Dex: 19    Spells: 12/12 levels left

rFire    + . .     SeeInvis .   x - +10 shortbow "Cuanukic" {venom, Dex+4}
rCold    + . .     Gourm    .   (shield currently unavailable)
rNeg     . . .     Faith    .   D - +2 plate armour
rPois    .         Spirit   .   (no helmet)
rElec    .         Reflect  .   o - +0 cloak
rCorr    .         Harm     .   n - +0 pair of gloves
MR       ++...     NoTele   +   (no boots)
Stlth    ..........             (no amulet)
HPRegen  1.30/turn              b - ring of protection from cold
MPRegen  0.13/turn              a - ring of protection from fire

@: lethally poisoned (-18 -> -18), regenerating, slow
A: +LOS, swims, slowness 1, strong legs 2
a: Hop, Berserk, Trog's Hand, Brothers in Arms, Renounce Religion


You were in the Dungeon.
You worshipped Trog.
Trog was exalted by your worship.
You were hungry.

You visited 1 branch You collected 1919 gold pieces.
You spent 223 gold pieces at shops.

Inventory:

Hand Weapons
 m - a +2 halberd of protection
 p - a +1 longbow of flaming
 u - a +2 halberd of venom
 x - the +10 shortbow "Cuanukic" (weapon) {venom, Dex+4}
   (Trog gifted it to you in the Dungeon)

   It poisons the ammo it fires.
   It affects your dexterity (+4).
 A - the +9 shortbow of Wakazim {speed, rPois rF+ rC+ Int+2}
   (Trog gifted it to you in the Dungeon)

   Attacks with this weapon are significantly faster.
   It affects your intelligence (+2).
   It protects you from fire.
   It protects you from cold.
   It protects you from poison.
 C - a +1 antimagic bardiche
 H - a +3 longbow of freezing
Missiles
 y - 42 arrows (quivered)
Armour
 n - a +0 pair of gloves (worn)
 o - a +0 cloak (worn)
 D - a +2 plate armour (worn)
Jewellery
 a - a ring of protection from fire (right hand)
 b - a ring of protection from cold (left hand)
 q - a +3 ring of strength
 r - a +3 ring of dexterity
 s - an uncursed ring of ice
 B - an uncursed ring of ice
Wands
 l - a wand of acid (18)
Scrolls
 i - 4 scrolls of blinking
 k - 4 scrolls of remove curse
 v - 3 scrolls of fear
 w - 4 scrolls of identify
 G - a scroll of magic mapping {unknown}
Potions
 d - 10 potions of curing
 e - 5 potions of heal wounds
 f - 4 potions of haste
 g - 4 potions of magic
 h - 2 potions of berserk rage
 j - a potion of invisibility
 t - 2 potions of brilliance
 z - 2 potions of lignification {unknown}
 E - a potion of might
 F - a potion of ambrosia {unknown}
Comestibles
 c - 11 rations


   Skills:
 + Level 19.2 Fighting
 + Level 16.8 Polearms
 * Level 19.7 Bows
 + Level 13.4 Armour
 + Level 8.4 Dodging


You had 12 spell levels left.
You didn't know any spells.

Dungeon Overview and Level Annotations

Branches:
Dungeon (1/1)

Altars:
Cheibriados
Dithmenos
Elyvilon
Fedhas
Gozag
Hepliaklqana
Kikubaaqudgha
Makhleb
Nemelex Xobeh
Okawaru
Qazlal
Ru
Sif Muna
Trog
Uskayaw
Vehumet
Wu Jian
Xom
Yredelemnul
Zin
The Shining One
Beogh
Jiyva
Lugonu

Shops:
D !%}*


Innate Abilities, Weirdness & Mutations

Shadows flee at your approach. (+LOS)
You can swim through water.
You cover ground slowly.
You can hop long distances.


Message History

The naga sharpshooter unwields an uncursed short sword.
The naga sharpshooter wields an uncursed arbalest.
The naga sharpshooter shoots a bolt.
The bolt hits you!!
* * * LOW HITPOINT WARNING * * *
Firing (i - inventory)
y - 44 arrows (quivered)
Press: ? - help, Shift-Dir - straight line, f - naga sharpshooter
Aim: a naga sharpshooter, wielding an arbalest and wearing a robe You shoot an arrow.
The arrow hits the naga sharpshooter!
The naga sharpshooter is poisoned.
The naga sharpshooter is lightly wounded.
Firing (i - inventory)
y - 43 arrows (quivered)
Press: ? - help, Shift-Dir - straight line, f/p - naga sharpshooter
Aim: a naga sharpshooter, wielding an arbalest and wearing a robe (lightly wounded, poisoned)
You shoot an arrow.
The arrow barely misses the naga sharpshooter.
You feel sick.
The naga sharpshooter gestures wildly while chanting.
The naga sharpshooter magically shoots a bolt.
The bolt hits you!!
You die...

▓N▓.▓)▓.▓)▓.▓.▓.▓'
▓(▓.▓)▓.▓.▓.▓.▓.▓.
▓(▓.▓.▓.▓)▓.▓)▓.▓.
▓)▓.▓.▓.▓)▓.▓.▓.▓.
▓)▓.▓.▓.▓.▓.▓.▓.▓.
▓.▓.▓.▓.▓.▓.▓.▓.▓.
▓(▓.▓.▓.▓.▓.▓.▓.▓)
▓(▓.▓'▓.▓.▓.▓.▓.▓.
▓@▓.▓.▓.▓.▓.▓.▓.▓.
▓.▓.▓.▓.▓.▓.▓'▓.▓.
▓.▓.▓.▓.▓.▓.▓.▓.▓.
▓.▓.▓.▓.▓.▓.▓.▓.▓÷
▓.▓.▓.▓.▓.▓.▓.▓.▓)
▓.▓.▓.▓.▓.▓.▓.▓.▓.
▓.▓.▓.▓.▓.▓.▓.▓.▓.
▓.▓.▓.▓.▓.▓.▓.▓.▓.
▓...▓...▓...▓...▓<


You could see a naga sharpshooter.

Vanquished Creatures
  2 dire elephants (D)
  Harold (D)
  An ice dragon (D)
  A hydra (D)
  A rakshasa (D)
  Erica (D)
  2 centaur warriors (D)
  2 tengu warriors (D)
  Urug (D)
  2 vampire magi (D)
  7 orc high priests (D)
  A shock serpent (D)
  A naga sharpshooter (D)
  A naga ritualist (D)
  6 orc knights (D)
  A mana viper (D)
  6 elephants (D)
  A komodo dragon (D)
  3 spiny frogs (D)
  A freezing wraith (D)
  A meliai (D)
  A hornet (D)
  2 hippogriffs (D)
  A dream sheep (shapeshifter) (D)
  A shadow (D)
  Eustachio (D)
  3 yaks (D)
  A naga (D)
  2 water moccasins (D)
  A porcupine (D)
  An ice beast (D)
  6 orc warriors (D)
  4 bullfrogs (D)
  A scorpion (D)
  A killer bee (D)
  A wight (D)
  A crimson imp (D)
  A jelly (D)
  6 orc priests (D)
  A worker ant (D)
  4 orc wizards (D)
  An adder zombie (D)
  10 orcs (D)
  A bat skeleton (D)
  A jackal (D)
  2 kobolds (D)
  2 quokkas (D)
  A frilled lizard (D)
  A goblin (D)
  A jackal zombie (D)
103 creatures vanquished.

Vanquished Creatures (collateral kills)
  An anaconda (D)
  2 orc high priests (D)
  3 black mambas (D)
  A porcupine (D)
  2 crocodiles (D)
  A bullfrog (D)
10 creatures vanquished.

Vanquished Creatures (others)
  A spatial maelstrom (D)
1 creature vanquished.

Grand Total: 114 creatures vanquished

Notes
Turn   | Place    | Note
-------+----------+-------------------------------------------
     0 | D        | Hephaistos the Barachi Berserker began the quest for the Orb.
     0 | D        | Reached XP level 1. HP: 18/18 MP: 1/1
     1 | D        | Banished a spatial maelstrom
    13 | D        | Reached ** piety under Trog
   202 | D        | Noticed an orc wizard
   202 | D        | Noticed a worker ant
   206 | D        | Reached XP level 2. HP: 24/24 MP: 2/2
   207 | D        | Reached *** piety under Trog
   207 | D        | Reached skill level 5 in Polearms
   210 | D        | Reached XP level 3. HP: 29/29 MP: 3/3
   218 | D        | Reached **** piety under Trog
   218 | D        | Reached XP level 4. HP: 24/36 MP: 4/4
   271 | D        | Found a roughly hewn altar of Beogh.
   271 | D        | Found a snail-covered altar of Cheibriados.
   271 | D        | Found a shadowy altar of Dithmenos.
   271 | D        | Found a white marble altar of Elyvilon.
   271 | D        | Found a blossoming altar of Fedhas.
   271 | D        | Found an opulent altar of Gozag.
   271 | D        | Found a hazy altar of Hepliaklqana.
   272 | D        | Found a viscous altar of Jiyva.
   273 | D        | Found an ancient bone altar of Kikubaaqudgha.
   274 | D        | Found a corrupted altar of Lugonu.
   275 | D        | Found a burning altar of Makhleb.
   276 | D        | Found a sparkling altar of Nemelex Xobeh.
   277 | D        | Found an iron altar of Okawaru.
   278 | D        | Found a stormy altar of Qazlal.
   279 | D        | Found a sacrificial altar of Ru.
   280 | D        | Found a deep blue altar of Sif Muna.
   281 | D        | Found a bloodstained altar of Trog.
   282 | D        | Found a hide-covered altar of Uskayaw.
   283 | D        | Found a radiant altar of Vehumet.
   284 | D        | Found an ornate altar of the Wu Jian Council.
   285 | D        | Found a shimmering altar of Xom.
   286 | D        | Found a basalt altar of Yredelemnul.
   287 | D        | Found a glowing silver altar of Zin.
   288 | D        | Found a glowing golden altar of the Shining One.
   342 | D        | Noticed a hippogriff
   342 | D        | Noticed a hornet
   342 | D        | Noticed a bullfrog
   347 | D        | Reached skill level 5 in Fighting
   349 | D        | Killed a bullfrog
   349 | D        | Reached XP level 5. HP: 46/46 MP: 5/5
   353 | D        | Killed a hornet
   353 | D        | Reached XP level 6. HP: 57/57 MP: 6/6
   356 | D        | Killed a hippogriff
   356 | D        | Reached skill level 5 in Armour
   356 | D        | Reached skill level 5 in Dodging
   356 | D        | Reached XP level 7. HP: 64/64 MP: 7/7
   358 | D        | Reached ***** piety under Trog
   490 | D        | Noticed a centaur warrior
   490 | D        | Noticed a centaur warrior
   498 | D        | Killed a centaur warrior
   498 | D        | Reached XP level 8. HP: 73/75 MP: 8/8
   505 | D        | Killed a centaur warrior
   505 | D        | Reached XP level 9. HP: 70/83 MP: 9/9
   647 | D        | Noticed an eight-headed hydra
   647 | D        | Noticed a spiny frog
   651 | D        | Reached skill level 1 in Bows
   656 | D        | Noticed a black mamba
   658 | D        | Killed a 15-headed hydra
   658 | D        | Received a gift from Trog
   658 | D        | Reached skill level 15 in Polearms
   663 | D        | Killed a spiny frog
   670 | D        | Reached ****** piety under Trog
   673 | D        | Reached XP level 10. HP: 38/92 MP: 10/10
   675 | D        | Killed a black mamba
   675 | D        | Received a gift from Trog
   678 | D        | Got a warped shortbow {god gift}
   679 | D        | Identified the +10 shortbow "Cuanukic" {venom, Dex+4} (Trog gifted it to you in the Dungeon)
   888 | D        | Noticed a spiny frog
   895 | D        | Reached skill level 5 in Bows
   898 | D        | Reached skill level 10 in Armour
   899 | D        | Killed a spiny frog
   906 | D        | Noticed a spiny frog
   918 | D        | Received a gift from Trog
   919 | D        | Killed a spiny frog
   987 | D        | Noticed an elephant
   987 | D        | Noticed a dire elephant
   987 | D        | Noticed an elephant
   987 | D        | Noticed an elephant
   987 | D        | Noticed an elephant
   987 | D        | Noticed an elephant
   987 | D        | Noticed an elephant
   988 | D        | Noticed a dire elephant
   995 | D        | Killed an elephant
  1005 | D        | Killed an elephant
  1013 | D        | Killed an elephant
  1016 | D        | Killed an elephant
  1016 | D        | Reached skill level 10 in Bows
  1024 | D        | Killed a dire elephant
  1024 | D        | Reached XP level 11. HP: 101/101 MP: 11/11
  1031 | D        | Killed a dire elephant
  1031 | D        | Received a gift from Trog
  1039 | D        | Reached skill level 15 in Fighting
  1122 | D        | Noticed Erica
  1127 | D        | Killed Erica
  1147 | D        | Noticed Urug
  1156 | D        | Killed Urug
  1287 | D        | Received a gift from Trog
  1292 | D        | Received a gift from Trog
  1297 | D        | Received a gift from Trog
  1343 | D        | Received a gift from Trog
  1403 | D        | Noticed an orc knight
  1425 | D        | Killed an orc knight
  1431 | D        | Received a gift from Trog
  1435 | D        | Received a gift from Trog
  1477 | D        | Received a gift from Trog
  1529 | D        | Noticed an orc knight
  1540 | D        | Killed an orc knight
  1598 | D        | Found Lynecw's Assorted Antiques.
  1598 | D        | Noticed an orc high priest
  1598 | D        | Noticed an orc high priest
  1598 | D        | Noticed an orc knight
  1598 | D        | Noticed an orc high priest
  1598 | D        | Noticed an orc high priest
  1598 | D        | Noticed an orc high priest
  1606 | D        | Killed an orc high priest
  1612 | D        | Killed an orc high priest
  1612 | D        | Reached skill level 15 in Bows
  1612 | D        | Reached XP level 12. HP: 109/111 MP: 12/12
  1613 | D        | Killed an orc high priest
  1641 | D        | Killed an orc high priest
  1641 | D        | Received a gift from Trog
  1644 | D        | Killed an orc high priest
  1686 | D        | Noticed an orc high priest
  1691 | D        | Killed an orc high priest
  1922 | D        | Found Qewk's Gadget Shop.
  1930 | D        | Found Voph's Food Boutique.
  1934 | D        | Found Veasuus Nyul's Distillery.
  1937 | D        | Noticed an orc high priest
  1948 | D        | Killed an orc high priest
  1983 | D        | Noticed an orc high priest
  1985 | D        | Noticed an orc high priest
  1995 | D        | Killed an orc high priest
  1998 | D        | Received a gift from Trog
  2008 | D        | Killed an orc high priest
  2008 | D        | Received a gift from Trog
  2009 | D        | Got a bloodstained shortbow {god gift}
  2048 | D        | Bought a potion of haste for 130 gold pieces
  2048 | D        | Bought a potion of might for 52 gold pieces
  2054 | D        | Bought a lumpy yellow potion for 19 gold pieces
  2054 | D        | Bought a scroll labeled LIWYMA JUST for 22 gold pieces
  2060 | D        | Identified the +9 shortbow of Wakazim {speed, rPois rF+ rC+ Int+2} (Trog gifted it to you in the Dungeon)
  2090 | D        | Noticed Harold
  2101 | D        | Killed Harold
  2276 | D        | Received a gift from Trog
  2287 | D        | Noticed an ice dragon
  2290 | D        | Noticed a tengu warrior
  2294 | D        | Noticed a rakshasa
  2301 | D        | Killed an ice dragon
  2306 | D        | Killed a tengu warrior
  2317 | D        | Noticed a vampire mage
  2319 | D        | Noticed a vampire mage
  2328 | D        | Killed a rakshasa
  2348 | D        | Noticed a vampire mage
  2361 | D        | Killed a vampire mage
  2361 | D        | Received a gift from Trog
  2361 | D        | Gained mutation: You can hop long distances. [Barachi growth]
  2361 | D        | Reached XP level 13. HP: 78/124 MP: 13/13
  2581 | D        | Noticed Eustachio
  2584 | D        | Killed Eustachio
  2661 | D        | Received a gift from Trog
  2692 | D        | Received a gift from Trog
  2693 | D        | HP: 1/125 [naga sharpshooter/bolt (19)]
  2695 | D        | Shot with a bolt by a naga sharpshooter

Vault maps used:
D:        linesprint

Skill      XL: |  1  2  3  4  5  6  7  8  9 10 11 12 13 |
---------------+----------------------------------------+-----
Polearms       | 4 7 8 9 11 13 14 15 16 | 16.8
Fighting       | 6 8 9 11 12 13 14 16 18 19 | 19.2
Armour         | 3 4 5 7 8 9 11 12 13 | 13.4
Dodging        | 3 4 5 6 7 8 |  8.4
Bows           | 4 11 15 18 19 | 19.7

Action                   |  1- 3 |  4- 6 |  7- 9 | 10-12 | 13-15 || total
-------------------------+-------+-------+-------+-------+-------++-------
Melee: Spear             |    23 |       |       |       |       ||    23
       Halberd           |       |    13 |    50 |    47 |       ||   110
       Bardiche          |       |       |       |       |     7 ||     7
 Fire: Shortbow          |       |       |       |   306 |    58 ||   364
Invok: Berserk           |     2 |     1 |     2 |     2 |     1 ||     8
       Brothers in Arms  |       |       |     1 |     1 |     1 ||     3
       Trog's Hand       |       |       |       |       |     1 ||     1
 Abil: Hop               |       |       |       |     4 |       ||     4
  Use: Potion            |       |       |       |       |     2 ||     2
  Eat: Chunk             |       |       |     3 |     8 |     2 ||    13
Armor: Animal skin       |     2 |       |       |       |       ||     2
       Chain mail        |       |     4 |    22 |    34 |       ||    60
       Plate armour      |       |       |       |     4 |    10 ||    14
Dodge: Dodged            |     5 |     5 |    21 |    50 |     9 ||    90

Table legend:
 A = Spawn XP
 B = Non-spawn XP
 C = Spawn XP percentage of total XP
 D = Spawn monster count
 E = Non-spawn monster count
 F = Spawn count percentage of total count
 G = Total turns spent on level
                    A         B        C        D         E        F      G
               +---------+---------+-------+---------+---------+-------+---------
         Total |       0 |   38763 |   0.0 |       0 |     113 |   0.0 |  2695
               +---------+---------+-------+---------+---------+-------+---------
             D |       0 |   38763 |   0.0 |       0 |     113 |   0.0 |  2695
               +---------+---------+-------+---------+---------+-------+---------
